 Dungeon Crawl Stone Soup version 0.20-a0-972-gb9bd3e6 (console) character file.

22884 vuev the Bludgeoner (level 13, -2/84 HPs)
             Began as a Gargoyle Berserker on Apr 9, 2017.
             Was the Champion of Trog.
             Killed from afar by a starcursed mass (15 damage)
             ... with an accursed screaming
             ... on level 2 of the Abyss.
             The game lasted 00:37:19 (14228 turns).

vuev the Bludgeoner (Gargoyle Berserker)           Turns: 14228, Time: 00:37:20

Health: -2/84      AC: 29    Str: 22    XL:     13   Next: 3%
Magic:  13/13      EV: 10    Int:  8    God:    Trog [******]
Gold:   781        SH:  0    Dex: 27    Spells: 12/12 levels left

rFire    . . .     SeeInvis .   S - +5 great mace {crush, +Blink Dex+7}
rCold    + . .     Gourm    .   (shield currently unavailable)
rNeg     + + +     Faith    +   O - +1 plate armour {rN+}
rPois    ∞         Spirit   .   s - +0 helmet
rElec    +         Reflect  .   W - +0 cloak (curse)
rCorr    .         Harm     .   R - +0 pair of gloves
MR       +....                  (no boots)
Stlth    ..........             A - amulet of faith
Regen    0.3/turn               G - +3 ring of dexterity
MPRegen  0.2/turn               N - ring "Jala" {rC+ rN+ MR+ Dex+4}

@: about to teleport
A: negative energy resistance 1, electricity resistance, unbreathing,
petrification resistance, rot immunity, AC +9
a: Berserk, Trog's Hand, Brothers in Arms, Burn Spellbooks, Renounce Religion,
Evoke Blink


You were on level 2 of the Abyss.
You worshipped Trog.
Trog was exalted by your worship.
You were not hungry.

You visited 2 branches of the dungeon, and saw 12 of its levels.
You visited the Abyss 1 time.
You also visited: Labyrinth and Volcano.

You collected 781 gold pieces.

Inventory:

Hand Weapons
 x - a +1 dire flail of protection
 S - the +5 great mace of Anguish (weapon) {crush, +Blink Dex+7}
   (Trog gifted it to you on level 10 of the Dungeon)

   It inflicts extra damage upon your enemies.
   It affects your dexterity (+7).
   It lets you blink.
Missiles
 a - 364 stones (quivered)
Armour
 s - a +0 helmet (worn)
 O - a +1 plate armour of positive energy (worn)
 Q - a +1 cloak
 R - a +0 pair of gloves (worn)
 W - a cursed +0 cloak (worn)
Jewellery
 b - an uncursed amulet of guardian spirit {unknown}
 A - an amulet of faith (around neck)
 C - an uncursed ring of ice
 G - a +3 ring of dexterity (left hand)
 N - the ring "Jala" (right hand) {rC+ rN+ MR+ Dex+4}
   (You took it off a minotaur in a labyrinth)

   [ring of positive energy]

   It affects your dexterity (+4).
   It protects you from cold.
   It protects you from negative energy.
   It affects your resistance to hostile enchantments.
 T - an uncursed ring of protection from magic
Wands
 u - a wand of iceblast (6/15)
 v - a wand of lightning (11/15)
 B - a wand of polymorph (11/24)
 J - a wand of digging (7/24)
Scrolls
 e - 3 scrolls of fear
 j - 2 scrolls of enchant armour
 k - 3 scrolls of remove curse
 l - 9 scrolls of identify
 n - 3 scrolls of fog {unknown}
 p - 3 scrolls of teleportation
 y - 3 scrolls of recharging
 E - 2 scrolls of amnesia {unknown}
 F - 3 scrolls of blinking
 K - 2 scrolls of enchant weapon {unknown}
 P - a scroll of vulnerability {unknown}
Potions
 f - 5 potions of heal wounds
 g - 2 potions of invisibility {unknown}
 m - 3 potions of might {unknown}
 q - 2 potions of mutation {unknown}
 r - 3 potions of magic {unknown}
 t - 3 potions of flight {unknown}
 w - a potion of cancellation {unknown}
 z - a potion of resistance {unknown}
 D - a potion of ambrosia {unknown}
 H - a potion of haste
 I - 3 potions of agility {unknown}
 L - 3 potions of brilliance {unknown}
 M - a potion of lignification {unknown}
 V - a potion of degeneration {unknown}
Comestibles
 c - 11 bread rations
 i - 11 fruits
 o - 12 meat rations


   Skills:
 + Level 11.4 Fighting
 + Level 15.4 Maces & Flails
 + Level 10.6 Armour
 + Level 3.8 Dodging


You had 12 spell levels left.
You didn't know any spells.

Dungeon Overview and Level Annotations

Branches:
Dungeon (11/15)            Temple (0/1) D:5            Lair (1/6) D:11
    Orc (0/2) D:10

Altars:
Ashenzari
Cheibriados
Gozag
Kikubaaqudgha
Makhleb
Qazlal
Ru
Xom
Yredelemnul
Zin

Shops:
D:5 %

Portals:
Trove: D:10 (give 15 scrolls of teleportation)


Innate Abilities, Weirdness & Mutations

You are resistant to torment.
Your stone body is resilient. (AC +9)
You are immune to poison.
You resist negative energy. (rN+)
You are resistant to electric shocks. (rElec)
You can survive without breathing.
You are immune to petrification.
You are immune to rotting.


Message History

The thrashing horror tramples you but does no damage.
The thrashing horror closely misses you.
A chorus of shrieks assaults your mind.
* * * LOW HITPOINT WARNING * * *
The small abomination hits you but does no damage.
You fail to use your ability.
The thrashing horror roars!
The small abomination hits you but does no damage.
A deafening chorus of shrieks assaults your mind!
* * * LOW HITPOINT WARNING * * *
The golden eye blinks at you. You resist with almost no effort.
The small abomination barely misses you.
The thrashing horror tramples you but does no damage.
The thrashing horror closely misses you.
You fail to use your ability.
The thrashing horror tramples you but does no damage. x2
A starcursed mass splits.
A cacophony of accursed wailing tears at your sanity!
You die...

. .. #..... ...#.
# #.... ..#. ..#.
##...##
...#.#...#. ..
.###.#.......# ##
##.#...#@X.#
#....#.#XXG#x##
... .#..XX...#.#
#.#....X§#...##
## ..###X.##X##
.# #
.)#.#....#X....##
#... ... §....#
#### ....#.##..#
#.#..#X#X..X####


You could see 8 starcursed masses, a thrashing horror, a small abomination and a
golden eye.

Vanquished Creatures
  An orc warlord (D:9)
  A minotaur (Lab)
  Fannar (Lair:1)
  The ghost of vuev the Cleaver, a journeyman GrFi of Qazlal (D:11)
  Erica (D:11)
  3 two-headed ogres
  An orc knight (D:9)
  2 cyclopes
  An ugly thing (D:11)
  2 centaur zombies
  Joseph (D:7)
  2 gargoyles
  The ghost of vuev the Cudgeler, a novice GrBe of Trog (D:5)
  The ghost of MTVSty1e the Skirmisher, an amateur FoFi (D:4)
  4 hippogriffs
  2 raiju (Abyss:2)
  A wraith (D:11)
  3 shadows
  14 yaks
  The ghost of Rationalist the Shield-Bearer, an amateur MiFi (D:6)
  A steam dragon (D:10)
  18 wargs (D:9)
  A water moccasin (D:8)
  4 ice beasts
  An eye of draining (D:10)
  3 sky beasts
  2 black bears
  A necrophage (D:8)
  10 orc warriors
  3 phantoms
  6 ogres
  2 crocodiles
  A big kobold (D:10)
  7 centaurs
  4 bullfrogs
  A wyvern skeleton (D:10)
  4 scorpions
  11 killer bees
  8 wights (D:7)
  A howler monkey (D:11)
  7 crimson imps
  A bullfrog zombie (D:6)
  2 quasits
  2 centaur skeletons
  5 jellies
  3 bullfrog skeletons
  7 hounds
  6 orc priests
  8 orc wizards
  3 iguanas
  Terence (D:2)
  Natasha (twice) (D:2)
  5 worker ants
  A killer bee zombie (D:8)
  3 hound skeletons
  A howler monkey zombie (D:8)
  6 gnolls
  A howler monkey skeleton (D:8)
  A worker ant zombie (D:5)
  15 adders
  3 shadow imps
  2 oozes (D:1)
  6 worms
  3 dart slugs
  14 leopard geckos
  56 orcs
  6 bats
  5 giant cockroaches
  5 goblins
  7 hobgoblins
  18 jackals
  3 quokkas
  3 ball pythons
  3 frilled lizards
  8 kobolds
  A quokka skeleton (D:8)
  A quokka zombie (D:8)
  12 rats
369 creatures vanquished.

Vanquished Creatures (collateral kills)
  An orc warrior (D:9)
  3 orcs (D:9)
4 creatures vanquished.

Grand Total: 373 creatures vanquished

Notes
Turn   | Place    | Note
-------+----------+-------------------------------------------
     0 | D:1      | vuev the Gargoyle Berserker began the quest for the Orb.
     0 | D:1      | Reached XP level 1. HP: 14/14 MP: 1/1
    72 | D:1      | Reached XP level 2. HP: 14/19 MP: 2/2
   487 | D:1      | Reached XP level 3. HP: 23/23 MP: 3/3
   944 | D:2      | Reached XP level 4. HP: 29/29 MP: 4/4
  1041 | D:2      | Found a glowing silver altar of Zin.
  1160 | D:2      | Reached skill level 4 in Maces & Flails
  1183 | D:2      | Noticed Terence
  1203 | D:2      | Killed Terence
  1263 | D:2      | Found a stormy altar of Qazlal.
  1327 | D:2      | Reached XP level 5. HP: 31/33 MP: 5/5
  1671 | D:2      | Noticed Natasha
  1681 | D:2      | Killed Natasha
  1748 | D:2      | Noticed Natasha
  1748 | D:2      | Found a burning altar of Makhleb.
  1759 | D:2      | Killed Natasha
  1956 | D:2      | Reached ** piety under Trog
  2518 | D:3      | Reached skill level 5 in Maces & Flails
  2518 | D:3      | Reached XP level 6. HP: 37/38 MP: 6/6
  3021 | D:4      | Noticed MTVSty1e's ghost (amateur FoFi)
  3052 | D:4      | Killed MTVSty1e's ghost
  3052 | D:4      | Reached skill level 6 in Maces & Flails
  3052 | D:4      | Reached XP level 7. HP: 44/44 MP: 7/7
  3418 | D:4      | Reached *** piety under Trog
  3418 | D:4      | Reached skill level 5 in Fighting
  3472 | D:4      | Reached skill level 7 in Maces & Flails
  3980 | D:5      | Entered Level 5 of the Dungeon
  4079 | D:5      | Found Huanirol's Food Shoppe.
  4087 | D:5      | Reached XP level 8. HP: 49/49 MP: 8/8
  4397 | D:5      | Found a snail-covered altar of Cheibriados.
  4489 | D:5      | Noticed vuev's ghost (novice GrBe)
  4720 | D:5      | Killed vuev's ghost
  4720 | D:5      | Reached skill level 8 in Maces & Flails
  4720 | D:5      | Reached skill level 5 in Armour
  4746 | D:5      | Found a staircase to the Ecumenical Temple.
  4826 | D:6      | Found a shattered altar of Ashenzari.
  4856 | D:6      | Noticed Rationalist's ghost (amateur MiFi)
  4878 | D:6      | Killed Rationalist's ghost
  5005 | D:6      | Reached **** piety under Trog
  5005 | D:6      | Reached XP level 9. HP: 49/55 MP: 9/9
  5020 | D:6      | Found an ancient bone altar of Kikubaaqudgha.
  5126 | D:6      | Reached skill level 9 in Maces & Flails
  5625 | D:7      | Noticed Joseph
  5653 | D:7      | Killed Joseph
  5699 | D:7      | Found a shimmering altar of Xom.
  5839 | D:7      | Reached skill level 10 in Maces & Flails
  6050 | D:7      | Found an opulent altar of Gozag.
  6051 | D:7      | Found a sacrificial altar of Ru.
  6159 | D:7      | Found a basalt altar of Yredelemnul.
  6376 | D:7      | Found a shimmering altar of Xom.
  6377 | D:7      | Found a shimmering altar of Xom.
  6584 | D:8      | Reached ***** piety under Trog
  6866 | D:8      | Reached XP level 10. HP: 63/63 MP: 10/10
  6949 | D:8      | Reached skill level 11 in Maces & Flails
  7048 | D:8      | Identified Fuexidalie's Reference Book on the Unholy Rocks
  8764 | D:9      | Received a gift from Trog
  8792 | D:9      | Reached skill level 12 in Maces & Flails
  9238 | D:9      | Reached XP level 11. HP: 60/69 MP: 11/11
 10398 | D:9      | Noticed an orc warlord
 10437 | D:9      | Killed an orc warlord
 10437 | D:9      | Reached skill level 13 in Maces & Flails
 10518 | D:9      | Noticed an orc knight
 10564 | D:9      | Killed an orc knight
 11314 | D:9      | Noticed a two-headed ogre
 11327 | D:9      | Killed a two-headed ogre
 11327 | D:9      | Reached skill level 10 in Fighting
 11554 | D:10     | Entered Level 10 of the Dungeon
 11663 | D:10     | Noticed a cyclops
 11714 | D:10     | Reached XP level 12. HP: 77/77 MP: 12/12
 12081 | D:10     | Reached skill level 10 in Armour
 12101 | D:10     | Reached ****** piety under Trog
 12101 | D:10     | Reached skill level 14 in Maces & Flails
 12261 | D:10     | Found a staircase to the Orcish Mines.
 12360 | D:10     | Found a portal to a secret trove of treasure.
 12479 | D:10     | Received a gift from Trog
 12482 | D:10     | Got a twisted great mace {god gift}
 12488 | D:10     | Identified the +5 great mace of Anguish {crush, +Blink Dex+7} (Trog gifted it to you on level 10 of the Dungeon)
 12669 | D:11     | Found a staircase to the Lair.
 12679 | D:11     | Noticed a two-headed ogre
 12685 | D:11     | Killed a two-headed ogre
 12702 | D:11     | Noticed Erica
 12705 | D:11     | Found a labyrinth entrance.
 12711 | D:11     | Noticed vuev's ghost (journeyman GrFi)
 12712 | Lab      | Entered a labyrinth
 13029 | Lab      | Noticed a minotaur
 13035 | Lab      | Killed a minotaur
 13037 | Lab      | Got a glittering iron ring
 13067 | Lab      | Identified the ring "Jala" {rC+ rN+ MR+ Dex+4} (You took it off a minotaur in a labyrinth)
 13098 | D:11     | Killed vuev's ghost
 13292 | D:11     | Killed Erica
 13508 | D:11     | Reached skill level 15 in Maces & Flails
 13771 | D:11     | Noticed a two-headed ogre
 13781 | D:11     | Killed a two-headed ogre
 13838 | Lair:1   | Entered Level 1 of the Lair of Beasts
 13875 | Lair:1   | Noticed Fannar
 13886 | Lair:1   | Killed Fannar
 13952 | Lair:1   | Found a dark tunnel.
 13960 | Volcano  | Entered a volcano
 13976 | Volcano  | Cast into level 2 of the Abyss (a wizard)
 14101 | Abyss:2  | Reached XP level 13. HP: 68/84 MP: 13/13
 14147 | Abyss:2  | Noticed a white very ugly thing
 14150 | Abyss:2  | Noticed an angel
 14209 | Abyss:2  | Noticed a starcursed mass
 14213 | Abyss:2  | Paralysed by accursed screaming for 1 turns
 14217 | Abyss:2  | Paralysed by accursed screaming for 1 turns
 14228 | Abyss:2  | Killed from afar by a starcursed mass

Vault maps used:
D:1:      erik_arrival_triangle_small, fountainhead
D:2:      grunt_qazlal_sundering, zin_treasury, bloody_makhleb, uniq_terence,
          uniq_natasha
D:3:      st_stairs_4
D:4:      wad_floor_pattern_untrapped, minmay_misc_feat_secret_circle
D:5:      overflow_temple_1_default, minmay_temple_entry_poolview, first_bread,
          serial_shops, shop
D:6:      cheibrodos_iron_armory, cheibrodos_ashenzari_chains,
          old_standard_altar
D:7:      xom_redecorated, nicolae_overflow_crystal_walls,
          gammafunk_temple_overflow_pools, grunt_ogre_cave, uniq_joseph
D:8:      minmay_imperfect_grid
D:9:      lemuel_castle_with_subvaults
D:10:     orc_0_dummy, enter_trove_6, grunt_ministairs_2
D:11:     lair_entry_dummy, lab_entry_generic, uniq_erica
Lair:1:   beast_lair_carwin_large_3, nicolae_volcano_entry_s_turn,
          grunt_megastairs_5, uniq_fannar
Abyss:2:  abyss_exit_lava
Lab:      labyrinth_watery, nicolae_lab_statue, nicolae_lab_x,
          nicolae_lab_flowing_pool, nicolae_lab_plus, lab_hedge, lab_fountain,
          nicolae_lab_garden, nicolae_lab_lava
Volcano:  volcano_bunker

Skill      XL: |  1  2  3  4  5  6  7  8  9 10 11 12 |
---------------+-------------------------------------+-----
Dodging        | 2 3 |  3.8
Maces & Flails | 4 5 6 7 8 10 12 13 15 | 15.4
Armour         | 3 5 6 8 9 10 | 10.6
Fighting       | 4 5 6 7 8 10 11 | 11.4

Action                   |  1- 3 |  4- 6 |  7- 9 | 10-12 | 13-15 || total
-------------------------+-------+-------+-------+-------+-------++-------
Melee: Mace              |    78 |   134 |   531 |   719 |       ||  1462
       Flail             |     2 |   108 |       |       |       ||   110
       Dire flail        |       |       |       |   240 |       ||   240
       Great mace        |       |       |       |   132 |    17 ||   149
Throw: Stone             |       |       |     3 |    10 |       ||    13
Invok: Berserk           |     1 |     3 |    10 |    27 |       ||    41
       Burn Spellbooks   |       |       |     1 |     4 |       ||     5
       Trog's Hand       |       |       |       |     1 |       ||     1
       Brothers in Arms  |       |       |       |     1 |       ||     1
 Abil: Evoke Blink       |       |       |       |       |     2 ||     2
Evoke: Wand              |       |       |       |     1 |       ||     1
  Use: Scroll            |       |     4 |     3 |     6 |     2 ||    15
       Potion            |       |       |       |       |     5 ||     5
  Eat: Chunk             |     1 |     9 |    20 |    41 |     1 ||    72
       Fruit             |       |       |     3 |     2 |       ||     5
       Bread ration      |       |       |       |     2 |       ||     2
Armor: Animal skin       |    22 |       |       |       |       ||    22
       Ring mail         |     3 |    56 |       |       |       ||    59
       Plate armour      |       |    83 |   429 |   629 |    44 ||  1185
Dodge: Dodged            |    53 |   120 |   206 |   376 |    25 ||   780
